 Dungeon Crawl Stone Soup version 0.26.0-16-gc1dbca0489 (webtiles) character file.

Game seed: 14226731661921410940

550 Gauvater the Shield-Bearer (level 7, -1/55 HPs)
             Began as a Formicid Fighter on Jan 21, 2021.
             Slain by a harpy skeleton (4 damage)
             ... on level 7 of the Dungeon.
             The game lasted 00:13:35 (3080 turns).

Gauvater the Shield-Bearer (Formicid Fighter)       Turns: 3080, Time: 00:13:36

Health: -1/55      AC:  7    Str: 22    XL:     7   Next: 54%
Magic:  7/7        EV:  9    Int:  8    God:
Gold:   156        SH: 10    Dex: 10    Spells: 6/6 levels left

rFire    . . .     SeeInvis +   a - +0 war axe
rCold    . . .     Faith    .   c - +0 kite shield
rNeg     + . .     Spirit   .   b - +0 scale mail
rPois    .         Reflect  .   (helmet unavailable)
rElec    .         Harm     .   (no cloak)
rCorr    .         Rampage  .   (no gloves)
Will     .....                  (no boots)
Stlth    ..........             (no amulet)
HPRegen  0.18/turn              l - ring of teleportation (curse)
MPRegen  0.10/turn              q - ring of positive energy

@: no status effects
A: permanent stasis, dig shafts and tunnels, four strong arms, antennae 3
a: Dig, Shaft Self


You were on level 7 of the Dungeon.
You visited 1 branch of the dungeon, and saw 5 of its levels.

You collected 156 gold pieces.

Inventory:

Hand Weapons
 a - a +0 war axe (weapon)
 g - a +0 mace of venom
Missiles
 e - 95 stones
 j - 2 javelins
 o - 4 silver boomerangs
 p - 18 poisoned darts
 r - 37 bolts
Armour
 b - a +0 scale mail (worn)
 c - a +0 kite shield (worn)
Jewellery
 l - a cursed ring of teleportation (left hand)
 q - a ring of positive energy (right hand)
Scrolls
 d - a scroll of amnesia {unknown}
 f - a scroll of fog
 m - a scroll of random uselessness {unknown}
 n - a scroll of teleportation
 t - a scroll of enchant weapon
Potions
 h - a potion of resistance
 i - a potion of haste {unknown}
 k - a potion of flight {unknown}
 s - a potion of degeneration {unknown}


   Skills:
 + Level 4.7 Fighting
 + Level 4.2(4.4) Axes
 + Level 1.7(3.2) Maces & Flails
 + Level 4.8 Armour
 + Level 1.3 Dodging
 + Level 0.3 Stealth
 + Level 5.6 Shields


You had 6 spell levels left.
You didn't know any spells.
Your spell library was empty.

Dungeon Overview and Level Annotations

Branches:
Dungeon (4/15)
 Temple: D:4-7

Altars:
Hepliaklqana

Annotations:
D:3 1 runed translucent door, kthxbai's ghost, amateur TrTm


Innate Abilities, Weirdness & Mutations

You cannot be hasted, slowed, berserked, paralysed or teleported.
You can dig through walls and to a lower floor.
Your four strong arms can wield two-handed weapons with a shield.
You have a pair of large antennae on your head. (SInv)


Message History

* * * LOW HITPOINT WARNING * * *
The shadow imp hits the withered plant.
The shadow imp shouts, "Remove thy stench, thou bawdy beetle-headed gudgeon!"
The withered plant crumbles away.
You block the harpy skeleton's attack. The harpy skeleton misses you.
Found 8 gold pieces.
Unknown command.
The harpy skeleton claws the withered plant!
The withered plant begins to crumble.
The harpy skeleton claws the withered plant!
Found a dagger.
The withered plant crumbles away.
The hellwing hits you!
* * * LOW HITPOINT WARNING * * *
The hellwing closely misses you.
The harpy skeleton claws you but does no damage.
You block the harpy skeleton's attack.
The centaur warrior zombie barely misses you.
Okay, then.
The harpy skeleton claws you.
You die...

### { #.+{ { #.# # #.#
{ ##. #.# ## .#.###
#)#####.#.# .....##
#.....$#.# ...#..#####
##ZZ....#
#........{####.4@..#.#
......{.8{8#.Z......#
.......5{4.5Z#####.#.#
..8.P.5{888..# #.#.#
8.P....Z8.5.[# #.#.
....[.....8..# #.#
.P...∩$.P....# #.#
P..P.P$..8..## ..
....8..8...P#


You could see 2 hellwings, a shadow imp, a wolf spider zombie, a centaur warrior
zombie, a harpy skeleton and a centaur warrior skeleton.

Vanquished Creatures
  Sigmund (D:2)
  Purgy (D:3)
  A centaur (D:3)
  An orc wizard (D:3)
  Jessica (D:2)
  2 worker ants
  4 adders
  An ooze (D:3)
  An adder skeleton (D:2)
  A worm (D:2)
  3 dart slugs (D:1)
  A leopard gecko (D:1)
  6 orcs
  9 bats
  5 giant cockroaches
  8 goblins
  10 hobgoblins
  4 jackals (D:3)
  7 kobolds
  3 quokkas
  2 ball pythons
  5 frilled lizards
  A jackal skeleton (D:4)
  11 rats
89 creatures vanquished.

Vanquished Creatures (others)
  2 withered plants (D:7)
2 creatures vanquished.

Grand Total: 91 creatures vanquished

Notes
Turn   | Place    | Note
-------+----------+-------------------------------------------
     0 | D:1      | Gauvater the Formicid Fighter began the quest for the Orb.
     0 | D:1      | Reached XP level 1. HP: 18/18 MP: 1/1
    91 | D:1      | Reached XP level 2. HP: 21/24 MP: 2/2
   340 | D:1      | Reached skill level 4 in Shields
   384 | D:1      | Reached XP level 3. HP: 30/30 MP: 3/3
   486 | D:1      | You fall into a shaft and drop 1 floor!
   518 | D:2      | Noticed Jessica
   530 | D:2      | Killed Jessica
   531 | D:2      | Reached XP level 4. HP: 32/37 MP: 4/4
   594 | D:2      | Reached skill level 1 in Maces & Flails
   861 | D:2      | Noticed Sigmund
   862 | D:2      | Reached XP level 5. HP: 30/42 MP: 5/5
  1108 | D:2      | Killed Sigmund
  1109 | D:2      | Reached skill level 1 in Dodging
  1109 | D:2      | Reached skill level 5 in Shields
  1109 | D:2      | Reached XP level 6. HP: 28/48 MP: 6/6
  1987 | D:3      | Reached XP level 7. HP: 32/55 MP: 7/7
  2453 | D:3      | Noticed Purgy
  2479 | D:3      | Killed Purgy
  2888 | D:3      | Found a runed translucent door.
  2888 | D:3      | Noticed kthxbai's ghost (amateur TrTm)
  2937 | D:4      | Found a hazy altar of Hepliaklqana.
  3065 | D:4      | You fall into a shaft and drop 3 floors!
  3065 | D:7      | Noticed a hellwing
  3065 | D:7      | Noticed a hellwing
  3080 | D:7      | Slain by a harpy skeleton

Illustrated notes

Levels and vault maps discovered:
D:1:      dpeg_arrival_lava_temple_mockup, layout_basic,
          minmay_misc_feat_enclosed
D:2:      layout_loops_ring, minmay_pentomino_w4, uniq_sigmund, uniq_jessica
D:3:      layout_basic, ebering_ghost_inner_flame, uniq_purgy
D:4:      layout_basic, general_overflow_altar, old_standard_altar,
          nicolae_qazlal_general_emergency
D:7:      cheibrodos_grave_circle, layout_basic, kennysheep_little_box,
          slow_altar_1, nicolae_ru_great_annihilating_truth, uniq_menkaure

Skill      XL: |  1  2  3  4  5  6  7 |
---------------+----------------------+-----
Shields        | 4 5 |  5.6
Maces & Flails | 1 |  1.7
Fighting       | 4 |  4.7
Axes           | 3 4 |  4.2
Armour         | 4 |  4.8
Dodging        | 1 |  1.3
Stealth        | |  0.3

Action                   |  1- 3 |  4- 6 |  7- 9 || total
-------------------------+-------+-------+-------++-------
Melee: Mace              |    40 |       |       ||    40
       War axe           |    27 |   165 |    98 ||   290
 Abil: Dig               |       |     3 |     2 ||     5
  Use: Scroll            |       |     4 |     1 ||     5
       Potion            |       |       |     1 ||     1
Armor: Scale mail        |    23 |    90 |    49 ||   162
Dodge: Dodged            |    22 |    76 |    78 ||   176
Block: Kite shield       |    26 |   119 |    85 ||   230
